 Dungeon Sprint DCSS version 0.29-a0-96-g93358da72b (webtiles) character file.

Game seed: 13814350418804013691

231 mhtbhm the Ducker (level 5, -5/59 HPs)
             Began as a Troll Fighter on Feb 12, 2022.
             Was an Initiate of Gozag.
             Slain by a two-headed ogre (15 damage)
             ... in the Dungeon (Sprint IX: "|||||||||||||||||||||||||||||").
             The game lasted 00:00:34 (203 turns).

mhtbhm the Ducker (Troll Fighter)                    Turns: 203, Time: 00:00:34

Health: -5/59      AC:  6    Str: 26    XL:     5   Next: 73%
Magic:  4/4        EV: 10    Int:  7    God:    Gozag
Gold:   0          SH:  8    Dex:  9    Spells: 4/4 levels left

rFire   . . .      SeeInvis .   a - +0 flail
rCold   . . .      Faith    .   c - +0 kite shield
rNeg    . . .      Spirit   .   b - +0 robe
rPois   .          Reflect  .   (helmet restricted)
rElec   .          Harm     .   (no cloak)
rCorr   .          Rampage  .   (gloves unavailable)
Will    .....      NoTele   +   (boots unavailable)
Stlth   +.........              (no amulet)
HPRegen 0.99/turn               m - +2 ring of protection
MPRegen 0.09/turn               n - +3 ring of intelligence

@: mighty, gold aura, invisible (expiring)
A: large, unfitting armour, claws 3, regeneration 1, shaggy fur 1, tough skin 1
a: Renounce Religion, Potion Petition, Call Merchant, Bribe Branch


You were in the Dungeon.
You worshipped Gozag.
Gozag was noncommittal.
You visited 1 branch

Inventory:

Hand Weapons
 a - a +0 flail (weapon)
Armour
 b - a +0 robe (worn)
 c - a +0 kite shield (worn)
Jewellery
 m - a +2 ring of protection (left claw)
 n - a +3 ring of intelligence (right claw)
Wands
 l - a wand of iceblast (10)
Scrolls
 j - 2 scrolls of blinking
 k - 2 scrolls of amnesia
Potions
 e - 5 potions of curing
 f - 3 potions of heal wounds
 g - a potion of haste
 h - 4 potions of magic


   Skills:
 + Level 5.7 Fighting
 + Level 5.1 Maces & Flails
 + Level 6.0 Dodging
 + Level 0.2 Stealth
 + Level 5.3 Shields


You had 4 spell levels left.
You didn't know any spells.
Your spell library was empty.

Dungeon Overview and Level Annotations

Branches:
Dungeon (1/1)

Altars:
Cheibriados
Dithmenos
Elyvilon
Fedhas
Gozag
Hepliaklqana
Kikubaaqudgha
Makhleb
Nemelex Xobeh
Okawaru
Qazlal
Ru
Sif Muna
Trog
Uskayaw
Vehumet
Wu Jian
Xom
Yredelemnul
Zin
The Shining One
Beogh
Jiyva
Lugonu


Innate Abilities, Weirdness & Mutations

You are too large for most types of armour.
You have claws for hands.
Your natural rate of healing is unusually fast.
You are covered in fur. (AC +1)
You have tough skin. (AC +1)


Message History

You fade into invisibility!
The howler monkey hoots and howls with incredible vigour!
The kobold brigand hits you with a +0 dagger.
Unknown command.
You feel very mighty all of a sudden. The kobold brigand closely misses you.
You catch the helpless kobold brigand completely off-guard!
You sock the kobold brigand!
The kobold brigand is moderately wounded.
The kobold brigand hits you with a +0 dagger. x2
You thump the kobold brigand!
The kobold brigand is heavily wounded.
You block the kobold brigand's attack.
You closely miss the kobold brigand.
The kobold brigand is heavily wounded.
The howler monkey hoots and howls with incredible vigour!
The kobold brigand misses you.
You hear a shout! x2; You hear an angry buzzing noise.
You bludgeon the kobold brigand!!
You kill the kobold brigand!
You block the two-headed ogre's attack. The two-headed ogre barely misses you.
Your Maces & Flails skill increases to level 5!
Your Dodging skill increases to level 6!
Your Shields skill increases to level 5!
You hit the two-headed ogre.
The two-headed ogre is lightly wounded.
You block the two-headed ogre's attack.
The two-headed ogre hits you with a +0 giant spiked club!!
You bludgeon the two-headed ogre!!
The two-headed ogre is heavily wounded.
The two-headed ogre hits you with a +0 giant club.
The two-headed ogre hits you with a +0 giant spiked club!
You barely miss the two-headed ogre.
The two-headed ogre is heavily wounded.
You flicker for a moment.
The two-headed ogre hits you with a +0 giant club!
* * * LOW HITPOINT WARNING * * *
The two-headed ogre hits you with a +0 giant spiked club!
You die...
Your body crumbles into a pile of gold. $$$$$ $ $ $ $$$$$ $$$$$$ $ $$ ▓▓▓▓▓▓▓▓▓▓▓▓▓▓▓▓▓▓▓▓▓▓▓▓ ..ZhooO@.[[[.)..'_______ ▓▓▓▓▓▓▓▓▓▓▓▓▓▓▓▓▓▓▓▓▓▓▓▓

You could see a two-headed ogre, 2 orc warriors, a howler monkey and an adder zombie.

Vanquished Creatures
  A sky beast (D)
  A kobold brigand (D)
  A hound (D)
  An iguana (D)
  An ufetubus (D)
  An orc (D)
  A hobgoblin (D)
  A bat (D)
  A frilled lizard (D)
  A goblin (D)
  A rat (D)
11 creatures vanquished.

Notes
Turn   | Place    | Note
-------+----------+-------------------------------------------
     0 | D        | mhtbhm the Troll Fighter began the quest for the Orb.
     0 | D        | Reached XP level 1. HP: 22/22 MP: 0/0
   117 | D        | Noticed an iguana
   117 | D        | Noticed a sky beast
   117 | D        | Noticed a hound
   121 | D        | Killed a hound
   122 | D        | Reached skill level 3 in Dodging
   122 | D        | Reached XP level 2. HP: 32/32 MP: 1/1
   122 | D        | Reached XP level 3. HP: 39/39 MP: 2/2
   128 | D        | Killed a sky beast
   129 | D        | Reached skill level 5 in Dodging
   129 | D        | Reached XP level 4. HP: 49/49 MP: 3/3
   137 | D        | Reached skill level 5 in Fighting
   137 | D        | Reached XP level 5. HP: 56/57 MP: 4/4
   143 | D        | Found a snail-covered altar of Cheibriados.
   143 | D        | Found a shadowy altar of Dithmenos.
   143 | D        | Found a white marble altar of Elyvilon.
   143 | D        | Found a blossoming altar of Fedhas.
   143 | D        | Found an opulent altar of Gozag.
   144 | D        | Found a hazy altar of Hepliaklqana.
   145 | D        | Found a viscous altar of Jiyva.
   146 | D        | Found an ancient bone altar of Kikubaaqudgha.
   147 | D        | Found a corrupted altar of Lugonu.
   148 | D        | Found a burning altar of Makhleb.
   149 | D        | Found a sparkling altar of Nemelex Xobeh.
   150 | D        | Found an iron altar of Okawaru.
   153 | D        | Became a worshipper of Gozag Ym Sagoz the Greedy
   154 | D        | Found a stormy altar of Qazlal.
   155 | D        | Found a sacrificial altar of Ru.
   156 | D        | Found a shimmering blue altar of Sif Muna.
   157 | D        | Found a bloodstained altar of Trog.
   158 | D        | Found a hide-covered altar of Uskayaw.
   159 | D        | Found a radiant altar of Vehumet.
   160 | D        | Found an ornate altar of the Wu Jian Council.
   161 | D        | Found a shimmering altar of Xom.
   162 | D        | Found a basalt altar of Yredelemnul.
   163 | D        | Found a glowing silver altar of Zin.
   164 | D        | Found a glowing golden altar of the Shining One.
   194 | D        | Noticed an orc warrior
   194 | D        | Noticed a two-headed ogre
   194 | D        | Noticed an orc warrior
   201 | D        | Reached skill level 5 in Maces & Flails
   201 | D        | Reached skill level 6 in Dodging
   201 | D        | Reached skill level 5 in Shields
   203 | D        | Slain by a two-headed ogre

Illustrated notes

Levels and vault maps discovered:
D:        linesprint [early_d, line_temple, items_1, d_10, items_2, lair_1,
          lair_end, items_3, orc_1, orc_end, items_4, d_15, swamp_1, shoals_1,
          snake_1, spider_1, d_20, vaults_1, items_5, swamp_end, shoals_end,
          snake_end, spider_end, vaults_end, d_27, items_6, zot_1, zot_end,
          crypt_end, forest_end, elf_end, slime_end, tomb_end, abyss_end,
          pan_hell_end]

Skill      XL: |  1  2  3  4  5 |
---------------+----------------+-----
Fighting       | 3 4 5 |  5.7
Maces & Flails | 2 3 4 5 |  5.1
Dodging        | 3 5 6 |  6.0
Shields        | 3 4 5 |  5.3
Stealth        | |  0.2

Action                   |  1- 3 |  4- 6 || total
-------------------------+-------+-------++-------
Melee: Flail             |    17 |    15 ||    32
  Use: Potion            |     1 |     2 ||     3
 Stab: Invisible         |       |     1 ||     1
Armor: Robe              |     5 |     1 ||     6
Dodge: Dodged            |     4 |     5 ||     9
Block: Kite shield       |     4 |     4 ||     8

Table legend: (Time is in decaauts)
 A = Elapsed time spent in this place.
 B = Non-inter-level travel time spent in this place.
 C = Inter-level travel time spent in this place.
 D = Time resting spent in this place.
 E = Time spent auto-exploring this place.
 F = Levels seen in this place.
 G = Mean time per level.
                   A        B        C        D        E       F      G
               +--------+--------+--------+--------+--------+-----+--------+
         Total |    219 |    219 |      0 |    100 |      3 |   1 |  219.0 |
       Dungeon |    219 |    219 |      0 |    100 |      3 |   1 |  219.0 |
               +--------+--------+--------+--------+--------+-----+--------+

Top non-repeatable levels by time:
       D: 219 daAuts
